[Event "Titled Tuesday Blitz December 27 Early 2022"]
[White "Tactrics"]
[Black "Urbina Perez, Juan Antonio"]
[BlackFideId "2217368"]
[WhiteElo "2976"]
[BlackElo "2266"]
[Result "1-0"]
[Round "01"]
[TimeControl "180+2"]
[Date "2022.12.27"]
[WhiteClock "0:02:20"]
[BlackClock "0:01:27"]

1. e4 c5 2. Nf3 d6 3. d4 cxd4 4. Nxd4 Nf6 5. f3 e5 6. Nb3 d5 7. Bg5 Be6 8. Bxf6 gxf6 9. exd5 Qxd5 10. Qxd5 Bxd5 11. Nc3 Bc6 12. O-O-O Bb4 13. Nd5 Bxd5 14. Rxd5 Nc6 15. Bd3 Rd8 16. Be4 Rxd5 17. Bxd5 Nd8 18. c3 Bd6 19. g4 Ke7 20. h4 h5 21. Nd2 Ne6 22. Ne4 Bc7 23. Ng3 Nf4 24. Nf5+ Ke8 25. Bxb7 hxg4 26. fxg4 Rg8 27. Bc6+ Kd8 28. Rd1+ 1-0


[Site "https://www.chess.com"]

[Event "Titled Tuesday Blitz December 27 Early 2022"]
[White "Tarasova, Viktoriya"]
[Black "Amburgy, Ryan"]
[WhiteFideId "4175840"]
[BlackFideId "30924820"]
[WhiteElo "2226"]
[BlackElo "2246"]
[Result "1-0"]
[Round "01"]
[TimeControl "180+2"]
[Date "2022.12.27"]
[WhiteClock "0:00:24"]
[BlackClock "0:00:15"]

1. d4 Nf6 2. c4 e6 3. Nc3 Bb4 4. Nf3 O-O 5. Bg5 h6 6. Bh4 b6 7. e3 Bb7 8. Bd3 d6 9. O-O Bxc3 10. bxc3 Nbd7 11. Nd2 e5 12. f4 exd4 13. exd4 Re8 14. Qc2 Qe7 15. Rae1 Qf8 16. h3 Rxe1 17. Rxe1 Re8 18. Qd1 Re7 19. Rxe7 Qxe7 20. Qe1 Qxe1+ 21. Bxe1 Nh5 22. g3 a5 23. Kf2 Kf8 24. Be2 Nhf6 25. Ke3 Bg2 26. Bf1 Bxf1 27. Nxf1 Ke7 28. g4 c6 29. Nd2 d5 30. f5 Ne8 31. Kd3 Nd6 32. Bg3 Nf6 33. Be5 b5 34. Bxd6+ Kxd6 35. c5+ Kd7 36. Ke3 Ne8 37. Kf4 Nc7 38. Ke3 b4 39. cxb4 axb4 40. Nf3 Nb5 41. Ne5+ Kc7 42. Nd3 Nc3 43. Nxb4 Kd7 44. a3 Kc7 45. Nd3 f6 46. Nf4 Kd7 47. Nh5 Nb5 48. a4 Nc3 49. a5 Ne4 50. Nxg7 Ng5 51. h4 Ne4 52. Nh5 Kc7 53. Kf4 Kb7 54. g5 hxg5+ 55. hxg5 fxg5+ 56. Kg4 Kc7 57. f6 1-0


[Site "https://www.chess.com"]

[Event "Titled Tuesday Blitz December 27 Early 2022"]
[White "Tarnowska, Aleksandra"]
[Black "Mathieu, Phileas"]
[WhiteFideId "1180967"]
[BlackFideId "36048410"]
[WhiteElo "1835"]
[BlackElo "2374"]
[Result "1-0"]
[Round "01"]
[TimeControl "180+2"]
[Date "2022.12.27"]
[WhiteClock "0:00:12"]
[BlackClock "0:00:21"]

1. e4 c5 2. Nf3 e6 3. d4 cxd4 4. Nxd4 Nc6 5. Nc3 a6 6. g3 Qc7 7. Bg2 Nf6 8. O-O Bc5 9. Nxc6 bxc6 10. Bf4 e5 11. Be3 Bxe3 12. fxe3 O-O 13. g4 d6 14. g5 Ng4 15. Qf3 Qb6 16. Rae1 Qxb2 17. Ne2 Qb6 18. Ng3 d5 19. Nf5 Bxf5 20. exf5 h5 21. h3 e4 22. Qf4 Nxe3 23. Rxe3 Rae8 24. Kh1 Qc5 25. Rg3 g6 26. Qc7 Qxc2 27. Rb3 e3 28. fxg6 Qxg6 29. Qg3 d4 30. Rf6 Qg7 31. h4 e2 32. Qe1 c5 33. Bd5 Re5 34. Bc4 Rfe8 35. Rbf3 R8e7 36. Rxf7 Rxf7 37. Rxf7 Qxf7 38. Bxf7+ Kxf7 39. Qf2+ Kg7 40. Qf6+ Kg8 41. Qxe5 d3 42. Qd5+ Kg7 43. Qd7+ Kg6 44. Qxd3+ Kg7 45. Qxe2 1-0


[Site "https://www.chess.com"]

[Event "Titled Tuesday Blitz December 27 Early 2022"]
[White "Tharushi, T H D Niklesha"]
[Black "Danielyan, Vahe"]
[WhiteFideId "9918264"]
[BlackFideId "13304828"]
[WhiteElo "1570"]
[BlackElo "2346"]
[Result "0-1"]
[Round "01"]
[TimeControl "180+2"]
[Date "2022.12.27"]
[WhiteClock "0:01:07"]
[BlackClock "0:01:23"]

1. e4 e6 2. d4 d5 3. Nd2 Nf6 4. e5 Nfd7 5. Bd3 c5 6. c3 Nc6 7. Ne2 Be7 8. O-O b6 9. f4 g6 10. Ng3 h5 11. Nf3 Ba6 12. Bxa6 h4 13. Bb7 hxg3 14. h3 Na5 15. Bxa8 Qxa8 16. Qe1 Nc6 17. Qxg3 b5 18. a4 b4 19. Be3 c4 20. Ng5 Qb7 21. Nxe6 fxe6 22. Qxg6+ Kd8 23. Qxe6 Na5 24. f5 Re8 25. f6 Bxf6 26. Qf7 Be7 27. e6 Nb6 28. g4 Nb3 29. Rae1 Nxa4 30. g5 Nxb2 31. g6 Qc7 32. Bf4 Bd6 33. Qxc7+ Bxc7 34. Bxc7+ Kxc7 35. Rf7+ Kd6 36. g7 Rg8 37. e7 bxc3 38. e8=Q Rxe8 39. Rxe8 c2 40. Re1 Nd1 41. g8=Q c1=Q 42. Qd8+ Kc6 43. Rc7+ Kb5 44. Qxd5+ Kb4 45. Rb7+ Kc3 46. Qf3+ Kd2 47. Qf4+ Kxe1 48. Qxc1 Nxc1 49. h4 c3 50. h5 Ne2+ 51. Kg2 c2 52. Rc7 Ndc3 53. h6 c1=Q 54. h7 Qg5+ 55. Kf3 Qg3# 0-1


[Site "https://www.chess.com"]

[Event "Titled Tuesday Blitz December 27 Early 2022"]
[White "Thomforde-Toates, Noah"]
[Black "Fernandez Siles, Luis"]
[WhiteFideId "30951992"]
[BlackFideId "2209420"]
[WhiteElo "2124"]
[BlackElo "2218"]
[Result "1-0"]
[Round "01"]
[TimeControl "180+2"]
[Date "2022.12.27"]
[WhiteClock "0:01:55"]
[BlackClock "0:00:43"]

1. d4 Nf6 2. Nc3 d5 3. Bf4 c6 4. e3 g6 5. Bd3 Bg7 6. h4 h5 7. Nf3 Bg4 8. Qd2 Bxf3 9. gxf3 Nbd7 10. Rg1 Qa5 11. O-O-O O-O-O 12. Kb1 Ne8 13. e4 Bxd4 14. Nxd5 Qc5 15. b4 1-0


[Site "https://www.chess.com"]

[Event "Titled Tuesday Blitz December 27 Early 2022"]
[White "Tikhonov, Viacheslav"]
[Black "Svane, Rasmus"]
[WhiteFideId "44196407"]
[BlackFideId "4657101"]
[WhiteElo "2220"]
[BlackElo "2623"]
[Result "1/2-1/2"]
[Round "01"]
[TimeControl "180+2"]
[Date "2022.12.27"]
[WhiteClock "0:01:57"]
[BlackClock "0:01:50"]

1. d4 d5 2. c4 e6 3. Nf3 a6 4. g3 dxc4 5. Bg2 b5 6. Ne5 c6 7. a4 Bb7 8. O-O Nf6 9. b3 cxb3 10. Qxb3 Be7 11. axb5 axb5 12. Rxa8 Bxa8 13. Qa2 Bb7 14. Qa7 Qc8 15. Nc3 b4 16. Na4 O-O 17. Nb6 Qc7 18. Na8 Qc8 19. Nb6 Qc7 20. Na8 Qc8 21. Nb6 1/2-1/2


[Site "https://www.chess.com"]

[Event "Titled Tuesday Blitz December 27 Early 2022"]
[White "Tomb, Maroun"]
[Black "Torres Dominguez, David"]
[WhiteFideId "5300398"]
[BlackFideId "2220857"]
[WhiteElo "2090"]
[BlackElo "1994"]
[Result "1-0"]
[Round "01"]
[TimeControl "180+2"]
[Date "2022.12.27"]
[WhiteClock "0:00:25"]
[BlackClock "0:00:01"]

1. d4 e5 2. dxe5 d6 3. Nf3 Bg4 4. Bf4 Nc6 5. exd6 Qf6 6. Qc1 Bxd6 7. Bxd6 Qxd6 8. Nc3 O-O-O 9. e3 Bxf3 10. gxf3 Ne5 11. f4 Qc6 12. Bd3 Qxh1+ 13. Ke2 Qf3+ 14. Ke1 Ng4 15. Nd1 Nxh2 16. b3 Qh1+ 17. Ke2 Qf1+ 18. Kd2 Nf3+ 19. Kc3 Qe1+ 20. Kb2 Nf6 21. a4 h5 22. Ka2 h4 23. Qb2 Qd2 24. Nc3 Rxd3 25. cxd3 Qxb2+ 26. Kxb2 h3 27. Rh1 h2 28. Kc1 Ng4 29. Nd1 Re8 30. Kc2 Ng1 31. Kd2 f5 32. Ke1 c5 33. Kf1 Nf3 34. Kg2 Ne1+ 35. Rxe1 b6 36. f3 Nf6 37. Kxh2 Nd5 38. Kg2 Nxf4+ 39. Kf1 Nxd3 40. Re2 Nc1 41. Rb2 Nd3 42. Rd2 Nb4 43. Ke2 Rd8 44. Rb2 Nd3 45. Rb1 Ne5 46. Nf2 g6 47. Rh1 Rd6 48. Rh7 Rd7 49. Rh8+ Kb7 50. Rg8 a6 51. f4 Ng4 52. Nxg4 fxg4 53. Rxg6 b5 54. axb5 axb5 55. Rxg4 c4 56. bxc4 bxc4 57. f5 c3 58. Rb4+ Ka6 59. Rc4 Rd2+ 60. Kf3 c2 61. Ke4 1-0


[Site "https://www.chess.com"]

[Event "Titled Tuesday Blitz December 27 Early 2022"]
[White "Troltenier, Dirk"]
[Black "Volkov, Maksim"]
[WhiteFideId "4606400"]
[BlackFideId "54123070"]
[WhiteElo "2234"]
[BlackElo "2258"]
[Result "0-1"]
[Round "01"]
[TimeControl "180+2"]
[Date "2022.12.27"]
[WhiteClock "0:00:33"]
[BlackClock "0:00:06"]

1. e4 c5 2. c3 Nf6 3. e5 Nd5 4. d4 cxd4 5. Nf3 Nc6 6. Bc4 Nb6 7. Bf1 dxc3 8. Nxc3 e6 9. Bd3 d6 10. exd6 Bxd6 11. O-O h6 12. Qe2 O-O 13. Qe4 f5 14. Qe2 Qf6 15. Be3 Nd7 16. Rad1 Nde5 17. Bb5 Bc7 18. Rfe1 a6 19. Ba4 b5 20. Bb3 Na5 21. Nd5 exd5 22. Bxd5+ Be6 23. Nxe5 Bxd5 24. Rxd5 Bxe5 25. Bc5 Bc7 26. Bxf8 Rxf8 27. Rd7 Bb8 28. Qe7 Nc6 29. Qc5 Rd8 30. Qd5+ Kh7 31. g3 Rxd7 32. Qxd7 Ne5 33. Qd5 Qd6 34. Qxd6 Bxd6 35. Rd1 Bc7 36. Rd5 Kg6 37. f4 Nf7 38. Rc5 Bb6 39. b4 Kf6 0-1


[Site "https://www.chess.com"]

[Event "Titled Tuesday Blitz December 27 Early 2022"]
[White "Tymrakiewicz, Rafal"]
[Black "Kravtsiv, Martyn"]
[WhiteFideId "1108832"]
[BlackFideId "14113147"]
[WhiteElo "2144"]
[BlackElo "2598"]
[Result "1-0"]
[Round "01"]
[TimeControl "180+2"]
[Date "2022.12.27"]
[WhiteClock "0:00:02"]
[BlackClock "0:00:01"]

1. d4 d5 2. Bg5 h6 3. Bh4 Nf6 4. e3 c5 5. c3 Nc6 6. Nf3 Qb6 7. Qb3 c4 8. Qc2 Bf5 9. Qc1 Ne4 10. Nbd2 e6 11. Nxe4 Bxe4 12. Nd2 Bh7 13. e4 g5 14. Bg3 O-O-O 15. Be2 f5 16. exd5 exd5 17. f4 g4 18. O-O h5 19. Bh4 Re8 20. Re1 Qc7 21. Bxc4 Bh6 22. Bxd5 Bxf4 23. Qc2 Bxh2+ 24. Kh1 Bf4 25. Nc4 Bg6 26. Bf6 h4 27. Bxh8 Rxh8 28. Bxc6 bxc6 29. Ne5 h3 30. g3 Bxg3 31. Nxg6 Qd6 32. Qxf5+ Kb8 33. Re6 Qd7 34. Ne5 Qb7 35. Nxc6+ Ka8 36. Qe4 Bb8 37. Re8 1-0


[Site "https://www.chess.com"]

[Event "Titled Tuesday Blitz December 27 Early 2022"]
[White "Vakhlamov, Igor L."]
[Black "Estrada Nieto, Julian"]
[WhiteFideId "24126748"]
[BlackFideId "5101018"]
[WhiteElo "2413"]
[BlackElo "2215"]
[Result "1-0"]
[Round "01"]
[TimeControl "180+2"]
[Date "2022.12.27"]
[WhiteClock "0:01:40"]
[BlackClock "0:00:44"]

1. e4 e5 2. Nf3 Nc6 3. Nc3 Nf6 4. Bb5 Bb4 5. Nd5 Bc5 6. O-O O-O 7. d4 Nxd4 8. Nxd4 exd4 9. Bg5 c6 10. Nxf6+ gxf6 11. Bh6 d6 12. Qf3 Kh8 13. Bxf8 Qxf8 14. Qxf6+ Qg7 15. Qd8+ Qg8 16. Qxg8+ Kxg8 17. Bd3 Be6 18. a3 a5 19. f4 f6 20. Rae1 a4 21. e5 fxe5 22. fxe5 d5 23. Rf6 Re8 24. Ref1 Bb6 25. Rh6 Re7 26. Bxh7+ Kg7 27. Rh4 d3+ 28. Kh1 d2 29. Bd3 Be3 30. Rh7+ Kg8 31. Rxe7 Bg4 32. Bh7+ Kh8 33. Rf8# 1-0


[Site "https://www.chess.com"]

[Event "Titled Tuesday Blitz December 27 Early 2022"]
[White "Van Foreest, Jorden"]
[Black "Chizhikov, Vladislav"]
[WhiteFideId "1039784"]
[BlackFideId "4178157"]
[WhiteElo "2689"]
[BlackElo "2279"]
[Result "1-0"]
[Round "01"]
[TimeControl "180+2"]
[Date "2022.12.27"]
[WhiteClock "0:02:37"]
[BlackClock "0:02:30"]

1. e4 e6 2. Qe2 Be7 3. Qg4 Kf8 4. d4 h5 5. Qd1 d5 6. Nc3 dxe4 7. Nxe4 Nd7 8. Nf3 Ngf6 9. Neg5 b6 10. Bc4 Kg8 11. Nxf7 Kxf7 12. Ng5+ Ke8 13. Nxe6 1-0


[Site "https://www.chess.com"]

[Event "Titled Tuesday Blitz December 27 Early 2022"]
[White "Vargas, Mauricio"]
[Black "Defend, Balint"]
[WhiteFideId "4404572"]
[BlackFideId "17004853"]
[WhiteElo "2035"]
[BlackElo "1673"]
[Result "0-1"]
[Round "01"]
[TimeControl "180+2"]
[Date "2022.12.27"]
[WhiteClock "0:00:04"]
[BlackClock "0:00:22"]

1. e4 c5 2. Nc3 d6 3. f4 g6 4. Nf3 Bg7 5. Bb5+ Bd7 6. Bxd7+ Nxd7 7. O-O e6 8. d3 Ne7 9. Qe1 O-O 10. Nd1 Nc6 11. c3 b5 12. Qg3 b4 13. Qh3 a5 14. Nf2 Nf6 15. Qh4 Nh5 16. Qh3 bxc3 17. bxc3 Bxc3 18. Rb1 Nd4 19. g4 Nxf3+ 20. Qxf3 Ng7 21. f5 exf5 22. gxf5 Nh5 23. Nh3 Bf6 24. Bh6 Re8 25. Rf2 Rb8 26. Rbf1 Bd4 27. Kh1 Bxf2 28. Rxf2 Rb1+ 29. Kg2 Qf6 30. Bg5 Qg7 31. f6 Qf8 32. Qe3 Reb8 33. Bh6 Qe8 34. Nf4 Nxf6 35. Nxg6 hxg6 36. Rxf6 R8b2+ 37. Rf2 Rxf2+ 38. Qxf2 Qe5 39. Bf4 Qb2 40. h4 Qxf2+ 41. Kxf2 Rb2+ 42. Ke3 Rxa2 43. Bxd6 Rc2 44. e5 a4 45. d4 a3 46. Kd3 a2 47. Kxc2 a1=Q 48. Bxc5 Qh1 49. Kd3 Qxh4 50. Kc4 Qe4 51. Kb5 Qd5 52. Kb6 g5 0-1


[Site "https://www.chess.com"]

[Event "Titled Tuesday Blitz December 27 Early 2022"]
[White "Vifleemskaia, Svetlana"]
[Black "Skvortsov, Andrei"]
[WhiteFideId "4129490"]
[BlackFideId "24108600"]
[WhiteElo "1971"]
[BlackElo "2313"]
[Result "0-1"]
[Round "01"]
[TimeControl "180+2"]
[Date "2022.12.27"]
[WhiteClock "0:00:04"]
[BlackClock "0:01:41"]

1. d4 e6 2. c4 Nf6 3. Nc3 c5 4. d5 exd5 5. cxd5 Bd6 6. e4 O-O 7. Nf3 Re8 8. Nd2 Bc7 9. Be2 a6 10. a4 d6 11. O-O Nbd7 12. Qc2 Nf8 13. Nc4 Rb8 14. Na3 Ba5 15. Bd3 Ng6 16. f4 Bd7 17. Nc4 Bxc3 18. bxc3 Bc8 19. a5 Qc7 20. Kh1 Bd7 21. f5 Ne5 22. Nxe5 dxe5 23. c4 b5 24. axb6 Rxb6 25. Bd2 Qb7 26. Rfb1 Rb8 27. Rxb6 Qxb6 28. Rb1 Qc7 29. h3 Ne8 30. Kh2 Nd6 31. Ba5 Qc8 32. Qc3 f6 33. Bc2 Rxb1 34. Bxb1 Qb8 35. Bc2 g6 36. g4 Kf7 37. Kg3 h5 38. Kf3 hxg4+ 39. hxg4 Qh8 40. Qe3 Qh1+ 41. Ke2 Qg2+ 42. Kd3 gxf5 43. gxf5 Nxf5 44. Qd2 Qf3+ 0-1


[Site "https://www.chess.com"]

[Event "Titled Tuesday Blitz December 27 Early 2022"]
[White "Viskelis, Darius"]
[Black "Hsu, Li Yang"]
[WhiteFideId "12800830"]
[BlackFideId "5800080"]
[WhiteElo "2166"]
[BlackElo "2427"]
[Result "0-1"]
[Round "01"]
[TimeControl "180+2"]
[Date "2022.12.27"]
[WhiteClock "0:00:01"]
[BlackClock "0:00:45"]

1. e4 c6 2. d4 d5 3. exd5 cxd5 4. c4 Nc6 5. Nc3 Nf6 6. Bg5 e6 7. c5 Be7 8. Nf3 O-O 9. Bb5 Ne4 10. Nxe4 dxe4 11. Bxc6 bxc6 12. Bxe7 Qxe7 13. Ne5 Qc7 14. O-O f6 15. Nc4 Ba6 16. Qc2 f5 17. Rfd1 Bxc4 18. Qxc4 Qd7 19. b4 Qd5 20. Qxd5 exd5 21. f4 Rfb8 22. Rdb1 a5 23. bxa5 Rxb1+ 24. Rxb1 Rxa5 25. Rb6 Rxa2 26. Rxc6 Rd2 27. Rd6 Rxd4 28. c6 Kf7 29. c7 Rc4 30. Rxd5 Ke6 31. Re5+ Kf6 32. g4 g6 33. gxf5 gxf5 34. Kf2 Rxc7 35. Kg3 Rc3+ 36. Kh4 Rf3 37. Kh5 Rxf4 38. Re8 Rf3 39. h4 e3 40. Kh6 f4 41. h5 Rf2 0-1


[Site "https://www.chess.com"]

[Event "Titled Tuesday Blitz December 27 Early 2022"]
[White "Vlassov, Nikolai"]
[Black "Ardila, Oscar Humberto"]
[WhiteFideId "4103360"]
[BlackFideId "4404742"]
[WhiteElo "2283"]
[BlackElo "1982"]
[Result "1-0"]
[Round "01"]
[TimeControl "180+2"]
[Date "2022.12.27"]
[WhiteClock "0:00:19"]
[BlackClock "0:00:07"]

1. e4 e5 2. Bc4 Nf6 3. d3 Bc5 4. Nf3 Nc6 5. Bg5 d6 6. Nc3 Bb4 7. h3 h6 8. Bh4 Qe7 9. Qe2 g5 10. Bg3 Nd4 11. Nxd4 exd4 12. a3 dxc3 13. axb4 cxb2 14. Rb1 a5 15. b5 Be6 16. Bxe6 fxe6 17. Rxb2 O-O 18. O-O e5 19. c3 b6 20. Re1 Rae8 21. Kh1 Qf7 22. f3 Nh5 23. Bh2 Kh7 24. d4 Rg8 25. dxe5 dxe5 26. Rd1 Re7 27. Rbd2 Nf4 28. Bxf4 gxf4 29. c4 Qe6 30. Rd5 Reg7 31. c5 bxc5 32. Rxc5 Rg3 33. Rxc7+ Kh8 34. Rdd7 R3g7 35. Rxg7 Rxg7 36. Rc6 Qb3 37. Rxh6+ Kg8 38. Rc6 Qb1+ 39. Kh2 Qb3 40. b6 a4 41. Qc4+ Qxc4 42. Rxc4 Rb7 43. Rxa4 Rxb6 44. Ra5 Re6 45. g3 fxg3+ 46. Kxg3 Kg7 47. f4 Rg6+ 48. Kf3 exf4 49. Kxf4 Rh6 50. Kg4 Re6 51. Kf5 Rf6+ 52. Ke5 Rh6 53. Ra7+ Kf8 54. Ra3 Ke7 55. Kf5 Rh5+ 56. Kg4 Re5 57. Re3 Kf6 58. h4 Kg6 59. Kf4 Rh5 60. Rg3+ Kf6 61. Rh3 Ke6 62. Kg4 Re5 63. Re3 Kf6 64. h5 Rg5+ 65. Kh4 Rg1 66. h6 Rh1+ 67. Rh3 Rg1 68. Kh5 Kf7 69. h7 Kg7 70. Rh4 Kxh7 71. Rg4 Rh1+ 72. Kg5 Kg7 73. Kf5+ Kf7 74. Ke5 Ke7 75. Rg7+ Kf8 76. Ra7 Rh5+ 77. Kd6 Rh6+ 78. Kd5 Rh1 79. e5 Ke8 80. Kd6 Rh6+ 81. e6 Rh1 82. Ra8# 1-0


[Site "https://www.chess.com"]

[Event "Titled Tuesday Blitz December 27 Early 2022"]
[White "Wagner, Dennis"]
[Black "Vovk, Orest"]
[WhiteFideId "24650684"]
[BlackFideId "14113490"]
[WhiteElo "2595"]
[BlackElo "2315"]
[Result "1-0"]
[Round "01"]
[TimeControl "180+2"]
[Date "2022.12.27"]
[WhiteClock "0:01:27"]
[BlackClock "0:00:03"]

1. d4 Nc6 2. d5 Ne5 3. Nf3 Nxf3+ 4. exf3 e6 5. Bc4 Nf6 6. O-O Bc5 7. Nc3 O-O 8. Re1 exd5 9. Nxd5 Nxd5 10. Qxd5 d6 11. Bg5 Qd7 12. Re7 Qf5 13. Rxc7 Qxc2 14. Rxf7 Bxf2+ 15. Kh1 Qxc4 16. Rxf8+ Kxf8 17. Qxc4 1-0


[Site "https://www.chess.com"]

[Event "Titled Tuesday Blitz December 27 Early 2022"]
[White "Wagner, Dinara"]
[Black "Flis, Pawel"]
[WhiteFideId "24157570"]
[BlackFideId "1112864"]
[WhiteElo "2417"]
[BlackElo "1879"]
[Result "1-0"]
[Round "01"]
[TimeControl "180+2"]
[Date "2022.12.27"]
[WhiteClock "0:00:13"]
[BlackClock "0:00:01"]

1. Nf3 Nf6 2. g3 g6 3. Bg2 Bg7 4. b3 O-O 5. Bb2 d6 6. O-O e5 7. c4 Nc6 8. d3 h6 9. Nbd2 Be6 10. e3 Qd7 11. Re1 Bh3 12. Bh1 Ng4 13. d4 f5 14. dxe5 dxe5 15. Nf1 Qe7 16. Qc1 Kh7 17. Ba3 Nb4 18. Qd2 a5 19. Rad1 Rfd8 20. Qe2 Rxd1 21. Rxd1 Rd8 22. e4 Rd7 23. Rxd7 Qxd7 24. exf5 gxf5 25. Nh4 c6 26. Nxf5 Nd3 27. Nxg7 Kxg7 28. Bg2 Ngxf2 29. Bb2 Bxg2 30. Kxg2 Nxb2 31. Qxe5+ Kg6 32. Qxb2 Nd3 33. Qc2 Qf5 34. Qe2 Nc1 35. Qf3 Qc2+ 36. Qf2 1-0


[Site "https://www.chess.com"]

[Event "Titled Tuesday Blitz December 27 Early 2022"]
[White "Weetik, Vjacheslav"]
[Black "Stork, Oliver"]
[WhiteFideId "4153472"]
[BlackFideId "12955728"]
[WhiteElo "2423"]
[BlackElo "2342"]
[Result "1-0"]
[Round "01"]
[TimeControl "180+2"]
[Date "2022.12.27"]
[WhiteClock "0:01:08"]
[BlackClock "0:00:16"]

1. d4 Nf6 2. Nf3 e6 3. c4 b6 4. g3 Ba6 5. b3 Bb7 6. Bg2 Bb4+ 7. Bd2 a5 8. O-O O-O 9. Bg5 h6 10. Bxf6 Qxf6 11. a3 Bd6 12. Nc3 Nc6 13. e4 e5 14. Nd5 Qd8 15. dxe5 Nxe5 16. Nd4 Bxd5 17. cxd5 Re8 18. Kh1 f6 19. f4 Nf7 20. Qh5 Bf8 21. Rae1 Bxa3 22. Nf5 Bf8 23. Qg6 1-0


[Site "https://www.chess.com"]

[Event "Titled Tuesday Blitz December 27 Early 2022"]
[White "Williams, Simon K"]
[Black "Warchol, Kamil"]
[WhiteFideId "404454"]
[BlackFideId "21858241"]
[WhiteElo "2465"]
[BlackElo "2173"]
[Result "1-0"]
[Round "01"]
[TimeControl "180+2"]
[Date "2022.12.27"]
[WhiteClock "0:01:09"]
[BlackClock "0:00:03"]

1. c4 e5 2. Nc3 Nf6 3. g3 c6 4. Nf3 e4 5. Nd4 Qb6 6. Nc2 Bc5 7. e3 Be7 8. Bg2 d5 9. h3 Nbd7 10. cxd5 cxd5 11. d4 O-O 12. O-O Rd8 13. b4 Nf8 14. Rb1 Bd7 15. a4 Rac8 16. Bd2 Rxc3 17. Bxc3 Bxa4 18. Qd2 Qc6 19. Rfc1 Rc8 20. Ne1 Qb5 21. Bf1 Qd7 22. b5 1-0


[Site "https://www.chess.com"]

[Event "Titled Tuesday Blitz December 27 Early 2022"]
[White "Xiong, Jeffery"]
[Black "Kvaloy, Aksel Bu"]
[WhiteFideId "2047640"]
[BlackFideId "1528815"]
[WhiteElo "2692"]
[BlackElo "2321"]
[Result "1-0"]
[Round "01"]
[TimeControl "180+2"]
[Date "2022.12.27"]
[WhiteClock "0:00:14"]
[BlackClock "0:00:17"]

1. e4 e5 2. Nf3 Nf6 3. Nc3 Nc6 4. d4 exd4 5. Nxd4 Bb4 6. Nxc6 bxc6 7. Bd3 d5 8. exd5 O-O 9. O-O Bg4 10. f3 Bh5 11. dxc6 Qd4+ 12. Kh1 Bxc3 13. bxc3 Qxc3 14. Rb1 Bg6 15. Rb3 Qxc6 16. Bb2 Bxd3 17. cxd3 Rfd8 18. Qa1 Rab8 19. Rc1 Qd6 20. Be5 Qe6 21. Rxb8 Rxb8 22. Bxc7 Rc8 23. Re1 Qd5 24. Be5 Qxd3 25. Bxf6 gxf6 26. Qxf6 Qd2 27. Qa1 h6 28. h3 Kh7 29. Qe5 Rc2 30. Qf5+ Kg7 31. Qg4+ Kf8 32. Rb1 Rc1+ 33. Rxc1 Qxc1+ 34. Kh2 Qc7+ 35. Qg3 Qa5 36. Qd6+ Kg7 37. a3 Qa4 38. Qb4 Qc6 39. Qd4+ Kg8 40. Qxa7 Qd6+ 41. Kh1 Qd1+ 42. Qg1 Qa4 43. Qc5 Qd1+ 44. Kh2 Qa4 45. Qb4 Qa7 46. a4 Qc7+ 47. f4 Qa7 48. a5 Qa6 49. Qb8+ Kg7 50. Qe5+ Kg8 51. Qb8+ Kg7 52. Qb6 Qc4 53. Qd6 Qa4 54. a6 h5 55. Qe5+ Kg6 56. Qg5+ Kh7 57. Qxh5+ Kg7 58. Qg5+ Kh7 59. Qf6 Kg8 60. Qd6 Kg7 61. Qe5+ Kh7 62. h4 Kg6 63. h5+ Kh7 64. Qf5+ Kg7 65. h6+ Kxh6 66. Qf6+ Kh7 67. Qxf7+ Kh6 68. a7 Qe4 69. Qf6+ Kh5 70. Qg5# 1-0


[Site "https://www.chess.com"]

[Event "Titled Tuesday Blitz December 27 Early 2022"]
[White "Yaniuk, Volodymyr"]
[Black "Lenderman, Aleksandr"]
[WhiteFideId "14133083"]
[BlackFideId "2021285"]
[WhiteElo "2223"]
[BlackElo "2572"]
[Result "0-1"]
[Round "01"]
[TimeControl "180+2"]
[Date "2022.12.27"]
[WhiteClock "0:00:06"]
[BlackClock "0:00:52"]

1. d4 e6 2. c4 b6 3. g3 Bb7 4. d5 b5 5. Bg2 bxc4 6. e4 exd5 7. exd5 Nf6 8. Nc3 Bb4 9. Ne2 O-O 10. O-O h6 11. Qd4 d6 12. Qxc4 a5 13. Qh4 Nbd7 14. Be3 Ne5 15. Rfd1 Ba6 16. a3 Ng6 17. Qd4 Bc5 18. Qd2 Bxe3 19. Qxe3 Re8 20. Qd2 Ne5 21. Nd4 Rb8 22. b4 axb4 23. axb4 Bb7 24. Ra7 Qd7 25. h3 Nc4 26. Qa2 Nb6 27. Nb3 Ra8 28. Rxa8 Rxa8 29. Na5 Ba6 30. Qd2 Nc4 31. Qd4 Nxa5 32. bxa5 Qc8 33. Rb1 Rb8 34. Rb4 Rxb4 35. Qxb4 Nd7 36. Na4 Qb7 37. Qxb7 Bxb7 38. Kf1 Ne5 39. Nb2 g5 40. Ke2 Kf8 41. Ke3 Ke7 42. f4 gxf4+ 43. gxf4 Nd7 44. Kd4 Nc5 45. Kc4 Ba6+ 46. Kb4 Kf6 47. Nc4 Kf5 48. Bf3 Kxf4 49. Bg4 f5 50. Bh5 Ke4 51. Bf7 Kd4 52. Nd2 Nd3+ 0-1


[Site "https://www.chess.com"]

[Event "Titled Tuesday Blitz December 27 Early 2022"]
[White "Zakhartsov, Vladimir"]
[Black "Gatterer, Florian"]
[WhiteFideId "4145097"]
[BlackFideId "811688"]
[WhiteElo "2552"]
[BlackElo "2170"]
[Result "1-0"]
[Round "01"]
[TimeControl "180+2"]
[Date "2022.12.27"]
[WhiteClock "0:00:13"]
[BlackClock "0:00:03"]

1. e4 e5 2. Nf3 Nc6 3. Nc3 Nf6 4. a3 a6 5. d4 exd4 6. Nxd4 Nxe4 7. Nxe4 Qe7 8. Bd3 Nxd4 9. O-O Qd8 10. Re1 Ne6 11. f4 f5 12. Nf2 Bc5 13. Bxf5 O-O 14. Bxe6+ dxe6 15. Qxd8 Rxd8 16. Be3 Bxe3 17. Rxe3 Bd7 18. Nd3 Bb5 19. Ne5 Rd2 20. Rc3 Rc8 21. a4 Be2 22. Re1 Bh5 23. g4 Bf7 24. Nf3 Rd5 25. Kf2 c6 26. Kg3 Rcd8 27. Rce3 h6 28. b3 Rd1 29. R1e2 Kf8 30. Ne5 R8d6 31. Re1 Rxe1 32. Rxe1 Rd2 33. c4 Rd4 34. h4 Be8 35. Re3 b5 36. a5 bxc4 37. Nxc4 Kf7 38. h5 c5 39. Rc3 Bb5 40. Ne5+ Ke7 41. Rxc5 Rd2 42. Rc7+ Kd6 43. Rxg7 Kc5 44. Rg6 Rb2 45. Rxh6 Rxb3+ 46. Kh4 Kd4 47. Kg5 Be2 48. Rxe6 Rh3 49. h6 1-0


[Site "https://www.chess.com"]

[Event "Titled Tuesday Blitz December 27 Early 2022"]
[White "Zierk, Steven"]
[Black "Sadovsky, Artem"]
[WhiteFideId "2034255"]
[BlackFideId "4155840"]
[WhiteElo "2488"]
[BlackElo "2276"]
[Result "1-0"]
[Round "01"]
[TimeControl "180+2"]
[Date "2022.12.27"]
[WhiteClock "0:00:47"]
[BlackClock "0:00:29"]

1. e4 g6 2. d4 Bg7 3. Nc3 c6 4. Nf3 d5 5. h3 dxe4 6. Nxe4 Nd7 7. Bc4 Ngf6 8. Nxf6+ Nxf6 9. O-O O-O 10. c3 Qc7 11. Re1 c5 12. dxc5 Qxc5 13. Qb3 e6 14. Bf4 Nd5 15. Be5 b6 16. Bxg7 Kxg7 17. Bxd5 Qxd5 18. Qxd5 exd5 19. Rad1 Be6 20. Nd4 Rfe8 21. Re3 Rad8 22. Rde1 Bd7 23. Rxe8 Rxe8 24. Rxe8 Bxe8 25. f4 Kf6 26. Kf2 Ke7 27. Ke3 f6 28. Nc2 Kd6 29. Kd4 Bd7 30. Ne3 Be6 31. h4 Kc6 32. g4 Kd6 33. g5 fxg5 34. hxg5 Kc6 35. Ke5 d4 36. Nc2 Bxa2 37. Nb4+ Kd7 38. Nxa2 d3 39. c4 1-0


[Site "https://www.chess.com"]